 Dungeon Crawl Stone Soup version 0.28-a0-577-gb193047a1f (webtiles) character file.

Game seed: 16498704278052564852

151405 pokedragonboy the Severer (level 17, -1/103 HPs)
             Began as a Gargoyle Fighter on Oct 1, 2021.
             Was a High Priest of Hepliaklqana.
             Slain by AttackTheMoon's ghost (25 damage)
             ... on level 1 of the Snake Pit.
             The game lasted 02:04:53 (37541 turns).

pokedragonboy the Severer (Gargoyle Fighter)       Turns: 37541, Time: 02:04:53

Health: -1/103     AC: 47    Str: 26    XL:     17   Next: 55%
Magic:  22/24      EV: 13    Int: 10    God:    Hepliaklqana [*****.]
Gold:   416        SH:  0    Dex:  9    Spells: 16/16 levels left

rFire   + + .      SeeInvis +   a - +2 battleaxe (vorpal)
rCold   + + .      Faith    +   (shield currently unavailable)
rNeg    + . .      Spirit   .   r - +2 plate armour {rC+}
rPois   ∞          Reflect  .   Z - +2 helmet
rElec   +          Harm     .   F - +2 cloak {Will+}
rCorr   .          Rampage  .   p - +3 pair of gloves of the Dolphin {Slay+3 SInv}
Will    ++...                   C - +2 pair of boots {Stlth+}
Stlth   ..........              t - amulet "Uciwn" {Faith rF++ Str-2}
HPRegen 0.27/turn               Y - +4 ring of evasion
MPRegen 0.19/turn               E - ring "Zoaskeg" {rC+ Str+2 Slay+4 Stlth+}

@: flying, studying Throwing
A: reduced essence, sickness immunity, AC +12, big wings, negative energy
resistance 1, electricity resistance, torment resistance 1, petrification
resistance
a: Renounce Religion, Recall Ancestor, Ancestor Identity, Transference, Idealise


You were on level 1 of the Snake Pit.
You worshipped Hepliaklqana.
Hepliaklqana was extremely pleased with you.
You visited 6 branches of the dungeon, and saw 27 of its levels.
You visited the Abyss 2 times.
You also visited: Sewer, Ossuary and Gauntlet.

You collected 2591 gold pieces.
You spent 2175 gold pieces at shops.

Inventory:

Hand Weapons
 a - a +2 vorpal battleaxe (weapon)
 b - a +4 war axe of flaming
 H - a +2 antimagic war axe
Missiles
 f - 21 javelins (quivered)
 B - 9 curare-tipped darts
 V - 9 atropa-tipped darts
Armour
 p - the +3 pair of gloves of the Dolphin (worn) {Slay+3 SInv}
   (You acquired it on level 4 of the Lair of Beasts)

   Slay:      It affects your accuracy & damage with ranged weapons and melee
   (+3).
   SInv:      It lets you see invisible.
 r - a +2 plate armour of cold resistance (worn)
 C - a +2 pair of boots of stealth (worn)
 F - a +2 cloak of willpower (worn)
 Z - a +2 helmet (worn)
Jewellery
 k - the ring "Ciewystrio" {Wiz Will+}
   (You found it on level 13 of the Dungeon)

   [ring of wizardry]

   It improves your spell success rate.
   Will:      It increases your willpower.
 t - the amulet "Uciwn" (around neck) {Faith rF++ Str-2}
   (You took it off a minotaur in a Gauntlet)

   [amulet of faith]

   It allows you to gain divine favour quickly.
   Str:       It affects your strength (-2).
   rF:        It greatly protects you from fire.
 A - a ring of resist corrosion
 E - the ring "Zoaskeg" (right hand) {rC+ Str+2 Slay+4 Stlth+}
   (You took it off a vault guard on level 14 of the Dungeon)

   [ring of slaying]

   Str:       It affects your strength (+2).
   Slay:      It affects your accuracy & damage with ranged weapons and melee
   (+4).
   rC:        It protects you from cold.
   Stlth:     It makes you more stealthy.
 I - a ring of protection from cold
 P - a ring of protection from fire
 Y - a +4 ring of evasion (left hand)
Wands
 i - a wand of iceblast (18)
 u - a wand of polymorph (23)
 v - a wand of mindburst (7)
 G - a wand of digging (7)
 W - a wand of acid (11)
Scrolls
 e - 3 scrolls of magic mapping
 g - a scroll of summoning
 j - 6 scrolls of teleportation
 l - 3 scrolls of fear
 n - 4 scrolls of blinking
 o - a scroll of brand weapon
 q - a scroll of acquirement
 s - 2 scrolls of noise
 x - 5 scrolls of vulnerability
 z - 2 scrolls of fog
 J - a scroll of silence
 K - 5 scrolls of identify
 S - a scroll of immolation
Potions
 c - 2 potions of magic
 d - 2 potions of might
 h - 5 potions of curing
 m - 6 potions of attraction
 w - 5 potions of haste
 L - 2 potions of heal wounds
 N - 2 potions of ambrosia
 O - 3 potions of brilliance
 Q - 4 potions of lignification
 R - 4 potions of cancellation
Miscellaneous
 y - a phantom mirror
 U - a phial of floods
 X - a box of beasts


   Skills:
 + Level 16.0 Fighting
 * Level 18.5 Axes
 + Level 7.1 Throwing
 + Level 15.9 Armour
 + Level 3.0 Dodging
 - Level 4.0 Shields
 - Level 10.0 Invocations
 - Level 5.0 Evocations


You had 16 spell levels left.
You didn't know any spells.
Your spell library contained the following spells:

 Spells                   Type           Power      Damage    Failure   Level
 Beastly Appendage        Tmut           0%         N/A       94%         1
 Magic Dart               Conj           0%         1d3       94%         1
 Sandblast                Erth           0%         2d4       94%         1
 Shock                    Conj/Air       0%         1d3       94%         1
 Summon Small Mammal      Summ           0%         N/A       94%         1
 Ensorcelled Hibernation  Hex/Ice        0%         N/A       98%         2
 Scorch                   Fire           0%         2d5       98%         2
 Searing Ray              Conj           0%         2d4       98%         2
 Slow                     Hex            0%         N/A       98%         2
 Wereblood                Tmut           0%         N/A       98%         2
 Call Canine Familiar     Summ           0%         N/A       100%        3
 Confusing Touch          Hex            0%         N/A       100%        3
 Gell's Gravitas          Tloc           0%         N/A       100%        3
 Portal Projectile        Hex/Tloc       0%         N/A       100%        3
 Spider Form              Tmut/Pois      0%         N/A       100%        3
 Teleport Other           Tloc           0%         N/A       100%        3
 Tukima's Dance           Hex            0%         N/A       100%        3
 Animate Dead             Necr           0%         N/A       100%        4
 Flame Wave               Conj/Fire      0%         3d3       100%        4
 Fulminant Prism          Conj/Hex       0%         3d6       100%        4
 Leda's Liquefaction      Hex/Erth       0%         N/A       100%        4
 Passage of Golubria      Tloc           N/A        N/A       100%        4
 Lightning Bolt           Conj/Air       0%         1d11      100%        5
 Silence                  Hex/Air        0%         N/A       100%        5
 Yara's Violent Unravell  Hex/Tmut       0%         3d3       100%        5
 Conjure Ball Lightning   Conj/Air       0%         3x3d6     100%        6
 Dispersal                Tloc           0%         N/A       100%        6
 Summon Cactus Giant      Summ           0%         N/A       100%        6
 Haunt                    Necr/Summ      0%         N/A       100%        7
 Discord                  Hex            0%         N/A       100%        8
 Disjunction              Tloc           0%         N/A       100%        8
 Infestation              Necr           0%         N/A       100%        8
 Lehudib's Crystal Spear  Conj/Erth      0%         10d2      100%        8
 Maxwell's Capacitive Co  Air            0%         ∞         100%        8


Dungeon Overview and Level Annotations

Branches:
Dungeon (15/15)            Temple (1/1) D:5            Lair (6/6) D:8
  Swamp (0/4) Lair:4        Snake (1/4) Lair:4        Slime (0/5) Lair:5
    Orc (2/2) D:11            Elf (2/3) Orc:2        Vaults (0/5) D:14
 Depths (0/4) D:15          Sewer (visited)         Ossuary (visited)
Gauntlet (visited)

Altars:
Ashenzari
Cheibriados
Dithmenos
Elyvilon
Fedhas
Gozag
Hepliaklqana
Kikubaaqudgha
Makhleb
Nemelex Xobeh
Okawaru
Qazlal
Ru
Sif Muna
Trog
Uskayaw
Vehumet
Wu Jian
Xom
Yredelemnul
Zin
The Shining One

Shops:
D:3 !   D:5 [   D:7 *   D:15 *   Orc:2 [(?[   Elf:1 (

Annotations:
Snake:1 AttackTheMoon's ghost, journeyman MiBe


Innate Abilities, Weirdness & Mutations

Your life essence is reduced to manifest your ancestor. (-10% HP)
You are immune to sickness and miasma.
Your stone body is resilient. (AC +12)
You are immune to poison.
Your large and strong wings let you fly.
You resist negative energy. (rN+)
You are resistant to electric shocks. (rElec)
You are resistant to unholy torment.
You are immune to petrification.


Message History

You slash Xayl's ghost!
You destroy Xayl's ghost!
The ice beast disappears in a puff of smoke!
Unknown command.
Fikile gestures at AttackTheMoon's ghost while chanting.
AttackTheMoon's ghost resists with almost no effort.
Fikile hits AttackTheMoon's ghost but does no damage.
You hit AttackTheMoon's ghost but do no damage.
AttackTheMoon's ghost is heavily damaged.
AttackTheMoon's ghost hits you!
* * * LOW HITPOINT WARNING * * *
AttackTheMoon's ghost freezes you.
* * * LOW HITPOINT WARNING * * *
Unknown command.
You slice AttackTheMoon's ghost!!
AttackTheMoon's ghost is severely damaged.
Fikile hits AttackTheMoon's ghost but does no damage.
AttackTheMoon's ghost whispers, "Soon you will have time, lots of time..."
AttackTheMoon's ghost misses you.
Unknown command.
Press: ? - help, v - describe, . - travel
Here: AttackTheMoon's ghost, wielding a weapon of freezing (severely damaged, ally target)
The floor.
Unknown command.
Fikile hits AttackTheMoon's ghost with a +0 dagger of draining!!
You barely miss AttackTheMoon's ghost.
AttackTheMoon's ghost is almost destroyed.
You hit AttackTheMoon's ghost.
AttackTheMoon's ghost is almost destroyed.
AttackTheMoon's ghost hits you.
* * * LOW HITPOINT WARNING * * *
Fikile points at AttackTheMoon's ghost and mumbles some strange words.
AttackTheMoon's ghost resists with almost no effort.
Press: ? - help, v - describe, . - travel
Here: AttackTheMoon's ghost, wielding a weapon of freezing (almost destroyed, ally target)
The floor.
You closely miss AttackTheMoon's ghost.
AttackTheMoon's ghost is almost destroyed.
AttackTheMoon's ghost hits you!!
You die...

#................[[.##.#..###
.......###...#..).........####
#...........##....####.......####
#..#######........###...#.###...#
#.##?|8!!##.............#....##..
.##8.....8###.....^......##.#.##.
.#.........#.....#.......########
##...$.....#.............##
#⌠.......⌠#.###@.#...#...###
#.........#.##W.##....##...##
#####'''####.#R##.##..#####..##
#..(.......R..###.##.#.## #...#
....#....°....###.#.###.# ##..#
.)..............###.# #.# #..##
##.............###.## #####.##
#...(.....###....## ##..#
##.......### ##..#.# ##..##


You could see the friendly Fikile the hexer (idealised) and AttackTheMoon's
ghost (ally target).

Vanquished Creatures
  Nikola (Elf:1)
  The ghost of Umauzatz the Tortoise, an adept FoFi of Cheibriados (Snake:1)
  Kirke (D:15)
  A tentacled starspawn (Abyss:2)
  The ghost of Fofam the Basher, a journeyman OgHu of Okawaru (Orc:1)
  The ghost of Xayl the Thaumaturge, a journeyman GnWz of Sif Muna (Snake:1)
  2 very ugly things
  A purple draconian (Abyss:2)
  A minotaur (Gauntlet)
  A great orb of eyes (D:15)
  Fannar (Lair:3)
  7 vault guards (D:14)
  4 boulder beetles
  A naga warrior (Snake:1)
  A rakshasa (D:15)
  An ogre mage (Orc:2)
  4 hydras
  An anaconda (Snake:1)
  4 centaur warriors
  4 dancing weapons
  3 tengu warriors
  An anaconda (shapeshifter) (D:15)
  12 two-headed ogres
  2 death yaks (Lair:4)
  Urug (Lair:6)
  A vampire mage (Abyss:2)
  A thrashing horror (Abyss:2)
  5 naga sharpshooters (Snake:1)
  7 hell knights (Abyss:2)
  A sixfirhy (Abyss:2)
  3 deep elf knights
  2 deep trolls (Orc:2)
  An anaconda zombie (Abyss:2)
  A swamp dragon (Lair:6)
  7 deep elf archers
  3 wizards
  12 ugly things
  2 mana vipers (Snake:1)
  5 cyclopes
  A shining eye (Abyss:2)
  11 deep elf zephyrmancers
  8 deep elf pyromancers
  A salamander (Snake:1)
  3 manticores
  11 elephants
  3 naga magi (Snake:1)
  3 torpor snails
  An apocalypse crab (Abyss:3)
  9 black mambas
  Joseph (D:8)
  A cane toad (shapeshifter) (D:14)
  2 gargoyles (D:13)
  9 komodo dragons
  10 cane toads
  5 kobold demonologists
  4 rime drakes
  2 freezing wraiths
  4 efreet
  An alligator snapping turtle skeleton (Abyss:2)
  An ancient zyme (Abyss:2)
  2 tengu conjurers (D:15)
  2 hellwings (Abyss:2)
  3 polar bears
  9 trolls
  2 hornets
  3 blink frogs
  5 slime creatures
  A hornet (shapeshifter) (Elf:1)
  9 raiju (Abyss:2)
  10 dream sheep (Lair:5)
  A centaur simulacrum (D:14)
  2 water elementals
  A shadow (D:12)
  A tarantella (shapeshifter) (D:12)
  3 wyverns
  3 fire elementals (Gauntlet)
  A wraith (D:12)
  57 yaks
  A steam dragon (D:8)
  9 basilisks
  A chaos spawn (Abyss:2)
  2 hogs (D:15)
  A human (D:11)
  2 vampire mosquitoes (D:13)
  A spatial vortex (Abyss:2)
  6 large abominations
  11 nagas
  3 wargs
  A hell hound (Gauntlet)
  7 small abominations
  4 acid dragons
  9 water moccasins
  12 orc warriors
  A spectral troll (Orc:1)
  3 swamp drakes (Lair:6)
  3 black bears
  2 necrophages (D:4)
  2 sky beasts
  3 boggarts (Lair:4)
  41 wolves
  19 ogres
  9 centaurs
  2 phantoms
  5 kobold brigands
  5 scorpions
  8 bullfrogs
  An earth elemental (Elf:1)
  A wyvern zombie (D:7)
  A water moccasin skeleton (D:5)
  11 killer bees
  6 jellies
  3 electric eels
  A howler monkey (D:7)
  2 centaur zombies
  5 hounds
  A quasit (Abyss:2)
  A human zombie (Ossuary)
  A centaur skeleton (D:7)
  13 orc priests
  A gnoll shaman (D:6)
  6 iguanas
  13 orc wizards
  5 scorpion zombies (Ossuary)
  4 spectral orcs (Orc:1)
  A hound skeleton (D:2)
  3 mummies (Ossuary)
  4 gnolls (D:6)
  8 adders
  An ogre simulacrum (Orc:1)
  A shadow imp (D:7)
  2 white imps (Abyss:2)
  An ufetubus (D:6)
  2 worms
  2 dart slugs
  36 orcs
  9 ball pythons
  6 endoplasms
  5 giant cockroaches
  3 gnoll zombies (Ossuary)
  5 goblins
  6 hobgoblins
  6 jackals
  6 quokkas
  4 bats
  2 frilled lizards (D:1)
  5 goblin zombies (Ossuary)
  16 kobolds
  A kobold zombie (Ossuary)
  An orc zombie (Ossuary)
  10 rats
  A starspawn tentacle (Abyss:2)
711 creatures vanquished.

Vanquished Creatures (collateral kills)
  Saint Roka (Orc:2)
  A fire dragon (Lair:6)
  A hydra (D:11)
  2 boulder beetles
  A vault guard (D:14)
  An ogre mage (Orc:2)
  A catoblepas (Lair:4)
  A two-headed ogre (D:11)
  A dancing weapon (Elf:1)
  The ghost of lunkers the Grappler, a novice TrCA of Ignis (D:7)
  Nergalle (Lair:1)
  A deep elf knight (Elf:1)
  A spatial maelstrom (Abyss:2)
  2 deep elf pyromancers
  A wolf spider (Lair:6)
  4 ugly things (D:15)
  A cyclops (D:12)
  A salamander (shapeshifter) (D:13)
  An elephant (Lair:5)
  An ice statue (D:13)
  2 cane toads (Lair:4)
  2 rime drakes
  A komodo dragon (D:8)
  An ancient zyme (Abyss:2)
  A polar bear (Lair:3)
  A troll (D:9)
  Grinder (D:6)
  4 slime creatures
  2 blink frogs
  A dream sheep (Lair:5)
  A wyvern (D:8)
  9 yaks
  A hog (D:15)
  A fire elemental (Elf:1)
  A steam dragon (Lair:6)
  A vampire mosquito (D:13)
  A warg (D:11)
  A hell hound (Gauntlet)
  A naga (Snake:1)
  6 water moccasins
  An orc warrior (D:8)
  An ice beast (D:8)
  An ogre (Orc:2)
  7 wolves
  2 scorpions (Ossuary)
  An earth elemental (Elf:1)
  A spectral ogre (Orc:1)
  3 killer bees
  2 electric eels
  A human zombie (Ossuary)
  2 jellies
  A scorpion zombie (Ossuary)
  A small abomination (Abyss:2)
  5 orc wizards
  A howler monkey zombie (D:7)
  A howler monkey skeleton (D:7)
  An orc (D:7)
  3 gnoll zombies (Ossuary)
  5 kobolds
  A goblin zombie (Ossuary)
105 creatures vanquished.

Vanquished Creatures (others)
  2 deep elf knights (Elf:1)
  A hornet (Abyss:2)
  A troll (Orc:2)
  A water elemental (Elf:1)
  A boggart (Lair:4)
  23 hexers
  3 ancestors
  An orc (D:10)
  A bush (Lair:4)
  26 fungi
  89 plants
  3 starspawn tentacles (Abyss:2)
  4 withered plants (Snake:1)
156 creatures vanquished.

Grand Total: 972 creatures vanquished

Notes
Turn   | Place    | Note
-------+----------+-------------------------------------------
     0 | D:1      | pokedragonboy the Gargoyle Fighter began the quest for the
                  | Orb.
     0 | D:1      | Reached XP level 1. HP: 14/14 MP: 1/1
    36 | D:1      | Got Urohie's Introduction to Secret Knowledge
    43 | D:1      | Reached skill level 2 in Axes
    43 | D:1      | Reached XP level 2. HP: 19/19 MP: 2/2
   289 | D:1      | Reached XP level 3. HP: 19/23 MP: 3/3
   740 | D:2      | Reached XP level 4. HP: 17/29 MP: 4/4
   936 | D:2      | Found a faded altar of an unknown god.
  1444 | D:3      | Found Tyozum's Distillery.
  1688 | D:3      | Reached skill level 3 in Axes
  2432 | D:3      | Bought a potion of heal wounds for 70 gold pieces
  2514 | D:4      | Found a radiant altar of Vehumet.
  2689 | D:4      | Reached XP level 5. HP: 33/33 MP: 5/5
  2906 | D:4      | Noticed a phantom
  2930 | D:4      | Killed a phantom
  2931 | D:4      | Reached XP level 6. HP: 16/39 MP: 6/6
  3128 | D:4      | Identified the +4 short sword of Biro Jepp {vorpal, rC-
                  | Str+6 Dex+7}
  3128 | D:4      | Noticed a black bear
  3147 | D:4      | Killed a black bear
  3148 | D:4      | Reached skill level 4 in Axes
  3510 | D:4      | Noticed a necrophage
  3528 | D:4      | Killed a necrophage
  3529 | D:4      | Reached XP level 7. HP: 41/44 MP: 7/7
  3657 | D:4      | Reached skill level 5 in Fighting
  3657 | D:4      | Reached skill level 1 in Throwing
  3657 | D:4      | Reached skill level 5 in Armour
  3800 | D:5      | Entered Level 5 of the Dungeon
  3837 | D:5      | Found an opulent altar of Gozag.
  3865 | D:5      | Found a staircase to the Ecumenical Temple.
  3874 | Temple   | Entered the Ecumenical Temple
  3923 | Temple   | Became a worshipper of Hepliaklqana the Forgotten
  3978 | D:5      | Found Afiyhal's Antique Armour Boutique.
  3988 | D:5      | Found a broken altar of Ashenzari.
  4135 | D:5      | Found a glowing drain.
  4153 | D:5      | Reached skill level 5 in Axes
  4159 | Sewer    | Entered a sewer
  4272 | Sewer    | Found a white marble altar of Elyvilon.
  4400 | D:5      | Found a hide-covered altar of Uskayaw.
  4430 | D:5      | Found a bloodstained altar of Trog.
  4535 | D:5      | Found a snail-covered altar of Cheibriados.
  4863 | D:6      | Reached XP level 8. HP: 50/50 MP: 8/8
  5193 | D:6      | Reached * piety under Hepliaklqana
  5720 | D:6      | Noticed Grinder
  5732 | D:6      | Paralysed by Grinder for 4 turns
  5751 | D:6      | Killed Grinder
  5752 | D:6      | Reached skill level 6 in Axes
  6032 | D:7      | Noticed a hornet
  6032 | D:7      | Noticed a wyvern
  6080 | D:7      | Killed a hornet
  6093 | D:7      | Killed a wyvern
  6094 | D:7      | Reached XP level 9. HP: 15/50 MP: 2/9
  6417 | D:7      | Reached skill level 7 in Axes
  6757 | D:7      | Noticed a manticore
  6765 | D:7      | Killed a manticore
  7055 | D:7      | Found Zin's Purification Station.
  7057 | D:7      | Found a glowing silver altar of Zin.
  7103 | D:7      | Found a runed translucent door.
  7104 | D:7      | Noticed lunkers's ghost (novice TrCA)
  7134 | D:7      | Found a shimmering altar of Xom.
  7171 | D:8      | Reached skill level 8 in Axes
  7389 | D:8      | Reached ** piety under Hepliaklqana
  7397 | D:8      | Remembered your ancestor Fikile as a hexer
  7540 | D:8      | Found a sand-covered staircase.
  7564 | Ossuary  | Entered an ossuary
  7641 | Ossuary  | Reached skill level 1 in Invocations
  7662 | Ossuary  | Reached XP level 10. HP: 55/57 MP: 10/10
  8098 | D:8      | Reached skill level 9 in Axes
  8157 | D:8      | Identified 2 scrolls of acquirement
  8157 | D:8      | Acquired a +1 pair of gloves of archery
  8444 | D:8      | Found a staircase to the Lair.
  8474 | D:8      | Noticed Joseph
  8488 | D:8      | Killed Joseph
  8712 | D:9      | Identified the +0 cloak of Action {rElec rPois rC+}
  8881 | D:9      | Reached skill level 10 in Axes
  8894 | D:9      | Reached XP level 11. HP: 33/63 MP: 7/14
  9414 | D:9      | Reached skill level 5 in Invocations
  9868 | D:9      | Noticed a two-headed ogre
  9873 | D:9      | Killed a two-headed ogre
 10037 | D:10     | Entered Level 10 of the Dungeon
 10089 | D:10     | Reached *** piety under Hepliaklqana
 11297 | D:10     | Reached skill level 11 in Axes
 11436 | Lair:1   | Entered Level 1 of the Lair of Beasts
 11618 | D:8      | Reached skill level 10 in Fighting
 11988 | D:8      | Reached skill level 10 in Armour
 12000 | Lair:1   | Noticed Nergalle
 12321 | D:8      | Reached XP level 12. HP: 61/69 MP: 16/16
 12521 | Lair:1   | Killed Nergalle
 12778 | Lair:1   | Reached **** piety under Hepliaklqana
 12831 | Lair:1   | Reached skill level 12 in Axes
 13289 | Lair:2   | Found the +4 skin of Zhor {*Englaciate rC+++ SInv}
 13932 | Lair:2   | Reached ***** piety under Hepliaklqana
 14165 | Lair:3   | Noticed a boulder beetle
 14214 | Lair:3   | Noticed a four-headed hydra
 14225 | Lair:3   | Killed a four-headed hydra
 14228 | Lair:3   | Noticed a boulder beetle
 14354 | Lair:2   | Killed a boulder beetle
 14656 | Lair:3   | Killed a boulder beetle
 14758 | Lair:3   | Noticed Fannar
 14774 | Lair:3   | Killed Fannar
 14775 | Lair:3   | Reached XP level 13. HP: 71/75 MP: 19/19
 14933 | Lair:3   | Reached skill level 13 in Axes
 15777 | Lair:4   | Found a staircase to the Swamp.
 16233 | Lair:4   | Acquired the +3 pair of gloves of the Dolphin {Slay+3 SInv}
 16357 | Lair:4   | Found a staircase to the Snake Pit.
 17902 | Lair:5   | Reached skill level 14 in Axes
 17938 | Lair:5   | Found a staircase to the Slime Pits.
 18290 | Lair:5   | Gained mutation: Your large and strong wings let you fly.
                  | [Gargoyle growth]
 18290 | Lair:5   | Reached XP level 14. HP: 82/82 MP: 21/21
 18559 | Lair:5   | Reached skill level 10 in Invocations
 18936 | Lair:6   | Entered Level 6 of the Lair of Beasts
 19050 | Lair:6   | Noticed Urug
 19059 | Lair:6   | Killed Urug
 19239 | Lair:6   | Found a gate leading to a gauntlet.
 19260 | Gauntlet | Entered a Gauntlet
 19260 | Gauntlet | Found a transporter.
 19260 | Gauntlet | Found a transporter.
 19260 | Gauntlet | Found a transporter.
 19283 | Gauntlet | Found a transporter.
 19293 | Gauntlet | Found a transporter.
 19297 | Gauntlet | Found a transporter.
 19309 | Gauntlet | Found a transporter.
 19325 | Gauntlet | Found a large runed translucent door.
 19326 | Gauntlet | Found a large runed translucent door.
 19327 | Gauntlet | Found a large runed translucent door.
 19327 | Gauntlet | Found a large runed translucent door.
 19328 | Gauntlet | Found a runed translucent gate.
 19329 | Gauntlet | Found a large runed translucent door.
 19329 | Gauntlet | Found a large runed translucent door.
 19329 | Gauntlet | Found a runed translucent door.
 19330 | Gauntlet | Found a large runed translucent door.
 19331 | Gauntlet | Found a large runed translucent door.
 19353 | Gauntlet | Found a transporter.
 19353 | Gauntlet | Found a transporter.
 19399 | Gauntlet | Found a transporter.
 19400 | Gauntlet | Found a transporter.
 19401 | Gauntlet | Found a large runed translucent door.
 19402 | Gauntlet | Found a large runed translucent door.
 19403 | Gauntlet | Found a large runed translucent door.
 19403 | Gauntlet | Found a large runed translucent door.
 19403 | Gauntlet | Found a runed translucent door.
 19404 | Gauntlet | Found a large runed translucent door.
 19405 | Gauntlet | Found a large runed translucent door.
 19406 | Gauntlet | Found a large runed translucent door.
 19406 | Gauntlet | Found a large runed translucent door.
 19407 | Gauntlet | Found a runed translucent gate.
 19407 | Gauntlet | Found a runed translucent gate.
 19409 | Gauntlet | Found a transporter.
 19848 | Gauntlet | Identified the ring "Heafaza" {rPois Dex+6 SInv}
 20045 | Gauntlet | Identified the amulet "Uciwn" {Faith rF++ Str-2}
 20087 | Gauntlet | Got the Catalogue of Aerial Creation
 20724 | Lair:6   | Reached skill level 15 in Axes
 22191 | D:5      | Bought a pair of runed boots for 172 gold pieces
 22283 | D:3      | Bought a potion of heal wounds for 70 gold pieces
 22283 | D:3      | Bought a potion of heal wounds for 70 gold pieces
 22283 | D:3      | Bought a potion of haste for 140 gold pieces
 22529 | D:7      | Killed lunkers's ghost
 23148 | D:11     | Found a staircase to the Orcish Mines.
 23957 | D:12     | Reached XP level 15. HP: 74/89 MP: 22/22
 25048 | D:13     | Reached skill level 5 in Throwing
 25350 | D:13     | Identified the ring "Ciewystrio" {Wiz Will+}
 26013 | D:13     | Reached skill level 16 in Axes
 26013 | D:13     | Reached skill level 1 in Evocations
 26457 | D:14     | Found a gate to the Vaults.
 27531 | D:14     | Identified the +8 shortbow of Valuable Assets {vorpal,
                  | Dex+7}
 27638 | D:14     | Identified the ring "Zoaskeg" {rC+ Str+2 Slay+4 Stlth+}
 28119 | D:15     | Entered Level 15 of the Dungeon
 28148 | D:15     | Reached ****** piety under Hepliaklqana
 28311 | D:15     | Cast into level 2 of the Abyss (a wizard)
 28485 | Abyss:2  | Noticed a bone dragon
 28646 | Abyss:2  | Noticed a tentacled starspawn
 28652 | Abyss:2  | Killed a tentacled starspawn
 28665 | Abyss:2  | Noticed a bone dragon
 28675 | Abyss:2  | Noticed a tentacled starspawn
 28735 | Abyss:2  | Reached XP level 16. HP: 37/96 MP: 20/23
 29324 | Abyss:2  | Reached skill level 17 in Axes
 29349 | D:15     | Escaped the Abyss
 29603 | D:15     | Noticed Kirke
 29605 | D:15     | Noticed a sphinx
 29616 | D:15     | Killed Kirke
 29991 | D:15     | Found Kucvosia's Assorted Antiques.
 29999 | D:15     | Bought a scroll of identify for 34 gold pieces
 29999 | D:15     | Bought a potion of heal wounds for 85 gold pieces
 29999 | D:15     | Bought a crooked ivory wand for 68 gold pieces
 30614 | D:15     | Found a staircase to the Depths.
 30630 | D:15     | Reached skill level 15 in Fighting
 30780 | Orc:1    | Entered Level 1 of the Orcish Mines
 30897 | Orc:1    | Reached skill level 5 in Evocations
 30958 | Orc:1    | Found a runed translucent gate.
 30958 | Orc:1    | Found a runed translucent gate.
 30958 | Orc:1    | Found a runed translucent gate.
 30967 | Orc:1    | Noticed Fofam's ghost (journeyman OgHu)
 30985 | Orc:1    | Killed Fofam's ghost
 31004 | Orc:1    | Identified the +1 leather armour of Complete Protection
                  | {Rampage +Inv rN+ rCorr}
 31127 | Orc:2    | Entered Level 2 of the Orcish Mines
 31149 | Orc:2    | Reached skill level 15 in Armour
 31228 | Orc:2    | Noticed Saint Roka
 31240 | Orc:2    | HP: 4/97 [orc warrior (17)]
 31254 | Orc:2    | Killed Saint Roka
 31597 | Orc:2    | Found Oquunk's Antique Armour Emporium.
 31724 | Orc:2    | Found Sud Qemi's Weapon Emporium.
 31730 | Orc:2    | Found Etorgh's Antique Armour Shop.
 31736 | Orc:2    | Found Repywak's Magic Scroll Shoppe.
 31760 | Orc:2    | Found a staircase to the Elven Halls.
 31793 | Orc:2    | Bought a scroll of magic mapping for 63 gold pieces
 31793 | Orc:2    | Bought a scroll of identify for 36 gold pieces
 31793 | Orc:2    | Bought a scroll of blinking for 135 gold pieces
 32015 | Orc:2    | Bought a pair of smoking gloves for 218 gold pieces
 32015 | Orc:2    | Identified the +0 pair of gloves of Beorusm {Slay+4} (You
                  | bought it in a shop on level 2 of the Orcish Mines)
 32028 | Orc:2    | Bought a shiny plate armour for 1014 gold pieces
 32102 | Elf:1    | Entered Level 1 of the Elven Halls
 32212 | Elf:1    | Acquired the amulet "Atsamod" {Reflect Slay+3 SH+5}
 32214 | Elf:1    | Acquired a manual of Throwing
 32347 | Elf:1    | Found Fymur's Weapon Shoppe.
 32724 | Elf:1    | Reached skill level 18 in Axes
 32822 | Elf:1    | Noticed Nikola
 32834 | Elf:1    | Killed Nikola
 32835 | Elf:1    | Reached skill level 1 in Dodging
 32835 | Elf:1    | Reached XP level 17. HP: 34/101 MP: 22/24
 33537 | Elf:1    | Cast into level 3 of the Abyss (+6 halberd of distortion)
 33615 | Elf:1    | Escaped the Abyss
 35565 | Snake:1  | Entered Level 1 of the Snake Pit
 36260 | Snake:1  | Found a runed translucent gate.
 36262 | Snake:1  | Found a runed translucent gate.
 36263 | Snake:1  | Found a runed translucent gate.
 36285 | Snake:1  | Noticed Xayl's ghost (journeyman GnWz)
 36285 | Snake:1  | Noticed Umauzatz's ghost (adept FoFi)
 37285 | Snake:1  | Noticed AttackTheMoon's ghost (journeyman MiBe)
 37522 | Snake:1  | Killed Umauzatz's ghost
 37528 | Snake:1  | Killed Xayl's ghost
 37541 | Snake:1  | Slain by AttackTheMoon's ghost

Illustrated notes

Levels and vault maps discovered:
D:1:      sevenhm_arrival_forest_fort_small_4, layout_rooms
D:2:      layout_loops_ring, basic_ecumenical_altar,
          chequers_serial_rivers_large_b
D:3:      layout_basic, serial_shops, shop, uniq_sigmund
D:4:      layout_basic, nicolae_vehumet_altar_sigil
D:5:      layout_rooms, lemuel_tele_altar, lemuel_doored_altar,
          mainiacjoe_overflow_catwalk, mainiacjoe_overflow_two_lobes,
          minmay_temple_entry_offerings, serial_shops, shop,
          cheibrodos_sewer_entry_bend, minivault_4, minmay_misc_feat_tower
D:6:      layout_loops_corners, serial_glass, glass_columns_c, glass_columns_c,
          glass_columns_b, glass_columns_a, uniq_grinder
D:7:      minmay_spotlight, layout_basic, zin_purify, kennysheep_mini_moat,
          ebering_ghost_reflecting_pool
D:8:      layout_rooms, erik_lair_dragon, nicolae_ossuary_entry_false_entrances,
          hangedman_decor_opposing, uniq_joseph
D:9:      layout_roguey, kennysheep_generic_room_16
D:10:     wander_river, layout_stronghold
D:11:     layout_cave_pools, erik_orc_4
D:12:     layout_roguey
D:13:     statuecave_lemuel, layout_stronghold
D:14:     layout_basic, erik_vaults_2, lemuel_flamethrower_1
D:15:     gammafunk_enter_depths_forms, layout_irregular_city, chequers_garden,
          serial_shops, shop, uniq_kirke
Temple:   zaba_magenta_temple
Lair:1:   layout_long_grid, grunt_forest_large_clearings, uniq_nergalle
Lair:2:   layout_gridlike, hellmonk_guarded_unrand_zhor
Lair:3:   layout_chaotic_city, serial_bayou_pond_e, grunt_megastairs_4,
          infiniplex_staircase_pool_2, uniq_fannar
Lair:4:   layout_loops_ring, swamp_mist_pool, guppyfry_snake_entry_garden,
          st_stairs_6, minivault_23, serial_bayou_lagoon_a,
          kilobyte_rumbling_trees
Lair:5:   layout_cave_pods, minmay_slime_entry_pillars, lemuel_fruit_tree,
          infiniplex_staircase_pool
Lair:6:   guppyfry_lair_end_dragon, layout_cave_pods, gauntlet_entry_generic,
          serial_bayou_shore_a, uniq_urug
Snake:1:  layout_layer_cave, gammafunk_ghost_cemetery
Orc:1:    layout_caves, serial_shops, nicolae_shop_waterfront,
          gammafunk_ghost_necromancy, uniq_jorgrun, uniq_erolcha
Orc:2:    st_orc_open, layout_diamond_mine, uniq_saint_roka
Elf:1:    eino_elf_arrival_sip, layout_geoelf_grid, serial_shops,
          nicolae_shop_crystal, evilmike_minifort, uniq_nikola
Elf:2:    nicolae_elf_blades_crystal_corner, layout_onion_city,
          elves_outpost_lemuel

Skill      XL: |  1  2  3  4  5  6  7  8  9 10 11 12 13 14 15 16 17 |
---------------+----------------------------------------------------+-----
Axes           | 2 3 4 5 6 8 10 11 12 14 15 16 18 | 18.5
Fighting       | 4 5 6 7 9 10 11 12 13 14 15 16 | 16.0
Armour         | 4 5 6 7 9 10 11 12 13 14 15 | 15.9
Shields        | 4 |  4.0
Throwing       | 2 3 4 5 7 |  7.1
Invocations    | 1 4 6 8 9 10 | 10.0
Evocations     | 3 5 |  5.0
Dodging        | 1 3 |  3.0

Action                   |  1- 3 |  4- 6 |  7- 9 | 10-12 | 13-15 | 16-18 || total
-------------------------+-------+-------+-------+-------+-------+-------++-------
Melee: War axe           |    84 |   159 |   342 |   179 |       |    79 ||   843
       Battleaxe         |       |       |       |   361 |   896 |   462 ||  1719
       Flail             |       |       |       |    17 |    20 |       ||    37
Throw: Javelin           |       |     3 |     8 |     7 |    13 |    18 ||    49
       Stone             |       |       |     3 |       |       |       ||     3
       Dart              |       |       |       |     1 |       |       ||     1
Invok: Ancestor Identity |       |       |     3 |       |       |       ||     3
       Ancestor Life: He |       |       |     1 |       |       |       ||     1
       Recall Ancestor   |       |       |       |     1 |     1 |       ||     2
       Idealise          |       |       |       |       |     5 |     5 ||    10
       Transference      |       |       |       |       |     9 |     8 ||    17
Evoke: Wand              |       |       |       |       |     6 |     2 ||     8
       Phial of floods   |       |       |       |       |     1 |       ||     1
  Use: Potion            |       |       |     4 |     2 |     9 |     7 ||    22
       Scroll            |       |       |     6 |    11 |    12 |     5 ||    34
 Stab: Distracted        |       |       |     1 |     8 |    17 |     4 ||    30
       Confused          |       |       |     2 |     5 |    11 |     3 ||    21
       Paralysed         |       |       |       |       |    17 |    18 ||    35
Armor: Scale mail        |    44 |    41 |       |       |       |       ||    85
       Chain mail        |       |    53 |   183 |       |       |       ||   236
       Plate armour      |       |       |    72 |   703 |   784 |   408 ||  1967
Dodge: Dodged            |    40 |    73 |   135 |   319 |   472 |   177 ||  1216
Block: Buckler           |    26 |    31 |    69 |    36 |       |       ||   162

Table legend: (Time is in decaauts)
 A = Elapsed time spent in this place.
 B = Non-inter-level travel time spent in this place.
 C = Inter-level travel time spent in this place.
 D = Time resting spent in this place.
 E = Time spent auto-exploring this place.
 F = Levels seen in this place.
 G = Mean time per level.
                   A        B        C        D        E       F      G
               +--------+--------+--------+--------+--------+-----+--------+
         Total |  37704 |  33959 |   3745 |   9713 |  17130 |  32 | 1178.2 |
       Dungeon |  20315 |  17764 |   2551 |   4896 |   9594 |  15 | 1354.3 |
        Temple |     62 |     62 |      0 |      0 |     41 |   1 |   62.0 |
          Lair |   8711 |   7833 |    878 |   2044 |   4313 |   6 | 1451.8 |
     Snake Pit |   1703 |   1674 |     29 |    435 |   1022 |   1 | 1703.0 |
  Orcish Mines |   1328 |   1213 |    115 |    116 |    732 |   2 |  664.0 |
   Elven Halls |   3115 |   2944 |    171 |   1466 |   1004 |   2 | 1557.5 |
         Abyss |   1080 |   1080 |      0 |    479 |    108 |   2 |  540.0 |
         Sewer |    201 |    201 |      0 |      0 |    131 |   1 |  201.0 |
       Ossuary |    368 |    368 |      0 |      2 |     85 |   1 |  368.0 |
      Gauntlet |    816 |    816 |      0 |    275 |     99 |   1 |  816.0 |
               +--------+--------+--------+--------+--------+-----+--------+

Top non-repeatable levels by time:
   Elf:1: 2900 daAuts
     D:8: 2876 daAuts
    D:14: 2012 daAuts
  Lair:4: 1991 daAuts
 Snake:1: 1703 daAuts
    D:10: 1624 daAuts
     D:9: 1619 daAuts
  Lair:3: 1529 daAuts
  Lair:2: 1528 daAuts
     D:4: 1504 daAuts
  Lair:6: 1485 daAuts
     D:7: 1471 daAuts
     D:6: 1314 daAuts
    D:13: 1271 daAuts
  Lair:5: 1138 daAuts
